[Event "*** Titled Tuesday Blitz"]
[Site "Chess.com"]
[Date "2018.12.04"]
[Round "8"]
[White "MerdeNoms943"]
[Black "jmduque"]
[Result "0-1"]
[WhiteElo "2323"]
[BlackElo "2412"]
[TimeControl "180+2"]
[EndTime "14:56:09 PST"]
[Termination "jmduque won on time"]

1. e4 e5 2. Nf3 Nc6 3. Bc4 Nf6 4. d3 h6 5. O-O g5 6. d4 d6 7. dxe5 Nxe4 8. Bxf7+ Kxf7 9. Qd5+ Be6 10. Qxe4 d5 11. Qd3 Bg7 12. Nc3 Nxe5 13. Nxe5+ Bxe5 14. f4 gxf4 15. Bxf4 Bxf4 16. Rxf4+ Ke7 17. Re1 c6 18. Qg6 Qg8 19. Rxe6+ Qxe6 20. Qg7+ Kd6 21. Rf6 Rhe8 22. Qxh6 d4 23. Ne4+ Kd5 24. Rxe6 Rxe6 25. Qg5+ Kxe4 26. h4 Rae8 27. h5 Re5 28. Qg6+ Ke3 29. Qg3+ Kd2 30. Qd3+ Kc1 31. Qxd4 Rxh5 32. Qf4+ Kxc2 33. Qf2+ Kb1 34. Qf1+ Kc2 35. Qc4+ Kb1 36. Qd3+ Kxb2 37. Qb3+ Kc1 38. Qc3+ Kb1 39. Qd3+ Kxa2 40. Qc2+ Ka3 41. Qc1+ Kb4 42.
Qb2+ Kc5 43. Qxb7 Rhe5 44. Qxa7+ Kd6 45. Qa3+ c5 46. Qa6+ Kd5 47. Qd3+ Kc6 48. Qa6+ Kd5 49. Qd3+ Ke6 50. Qg6+ Kd7 51. Qd3+ Kc7 52. Qc4 Kc6 53. Qa6+ Kd5 54. Qd3+ Ke6 55. Qg6+ Kd7 56. Qd3+ Kc7 57. Qb5 R8e6 58. Qa5+ Kc6 59. Qa6+ Kd5 60. Qd3+ Kc6 61.
Qa6+ Kd7 62. Qb7+ Ke8 63. Qa8+ Kf7 64. Qf3+ Ke7 65. Qb7+ Kf6 66. Qf3+ Rf5 67. Qc3+ Ke7 68. Qg7+ Kd6 69. Qc3 Rd5 70. Qg3+ Kc6 71. Qc3 Rd4 72.
Qf3+ Ree4 73. Qf6+ Kb5 74. Qf5 Kb4 75. Qf8 Kc4 76.
Qf7+ Kd3 77. Qf3+ Kc4 78. Qf7+ Kb4 79. Qf8 Rf4 80. Qb8+ Kc3 81. g3 Rg4 82. Kg2 c4 83. Qa7 Kd3 84. Qh7+ Kd2 85. Qh6+ Kc2 86. Qh7+ Rge4 87.
Kf3 c3 88. g4 Kd2 89. Qh2+ Kd3 90. g5 c2 91. Qh1 Rf4+ 0-1

[Event "*** Titled Tuesday Blitz"]
[Site "Chess.com"]
[Date "2018.12.04"]
[Round "8"]
[White "gkchesstiger"]
[Black "VerdeNotte"]
[Result "1/2-1/2"]
[WhiteElo "2807"]
[BlackElo "2845"]
[TimeControl "180+2"]
[EndTime "14:56:14 PST"]
[Termination "Game drawn by agreement"]

1. d4 Nf6 2. Nf3 g6 3. Bg5 Bg7 4. Nbd2 d5 5. e3 O-O 6. c3 Re8 7. Be2 Nbd7 8. O-O e5 9. b4 h6 10. Bh4 a5 11. b5 Qe7 12. a4 e4 13. Ne1 Nf8 14. c4 Be6 15. Rc1 h5 16. cxd5 Bxd5 17. Qc2 Ne6 18. Bg3 Rac8 19. Nc4 b6 20. Ne5 Nd7 21.
Nc6 Qa3 22. Bc4 Bxc4 23. Qxc4 Nf6 24. Nc2 Qd3 25. Qxd3 exd3 26. Na1 Ne4 27. Rfd1 d2 28. Rc4 g5 29. Nb3 h4 30. Be5 f6 31. d5 N6c5 32.
Nxc5 Nxc5 33. Bd4 Nb3 34. Bc3 f5 35. Bxg7 Kxg7 36. Nd4 Nxd4 37. Rxd4 Rcd8 38. R1xd2 Rd6 39. h3 Kf6 40. Kf1 Red8 41. Ke2 Ke5 42. f4+ gxf4 43. Rxf4 Rxd5 44. Rxd5+ Rxd5 45. Rxh4 Rc5 46. Rf4 c6 47. bxc6 Rxc6 48. g4 fxg4 49. hxg4 Rc2+ 50. Kf3 Ra2 51. g5 Ra1 52. Rg4 Rf1+ 53. Ke2 Rf8 54. Kd3 Rd8+ 55. Kc4 Kf5 56. Rg3 Kg6 57. Kb5 Rd6 58.
e4 Re6 59. Rg4 Kh5 60. Rg2 Kg6 61. e5 Rxe5+ 62. Kxb6 Rf5 63. Rb2 Rxg5 64. Rb5 Rg4 65. Kxa5 Kf7 66. Re5 Kf6 67. Re2 Rg1 68. Ka6 Rb1 69. a5 Kf7 70. Ka7 Ra1 71. a6 Rb1 72.
Re5 Rb2 73. Ka8 Rb1 74. Ka7 Rb2 75. Rh5 Ke7 76. Rh7+ Kd6 77. Rb7 Ra2 78. Rb3 Kc7 79.
Rc3+ Kd7 80. Rb3 Kc7 81. Rc3+ Kd7 1/2-1/2

[Event "*** Titled Tuesday Blitz"]
[Site "Chess.com"]
[Date "2018.12.04"]
[Round "8"]
[White "ChristopherYoo"]
[Black "Zarikovs1999"]
[Result "1-0"]
[WhiteElo "2416"]
[BlackElo "2343"]
[TimeControl "180+2"]
[EndTime "14:56:18 PST"]
[Termination "ChristopherYoo won by resignation"]

1. e4 c5 2. Nf3 Nf6 3. e5 Nd5 4. Nc3 e6 5. Nxd5 exd5 6. d4 Nc6 7. dxc5 Bxc5 8. Qxd5 d6 9. exd6 Qb6 10. Bc4 Bxf2+ 11.
Kf1 Be6 12. Qe4 O-O 13. Ng5 Bxc4+ 14. Qxc4 Be3 15. Bxe3 Qxe3 16. Nf3 Rad8 17. Rd1 Rfe8 18. Qd3 Qe6 19. a3 g6 20. Kf2 Qf6 21. Rhf1 Ne5 22.
Qc3 Ng4+ 23. Kg1 Qxc3 24. bxc3 Ne3 25. Rfe1 Nxd1 26. Rxd1 Re6 27. Rb1 b6 28. a4 Rexd6 29. Nd4 Rb8 30. a5 Rc8 31. Nb5 Rd5 32. Nxa7 Rxc3 33.
axb6 Rd8 34. Rb2 Rb8 35. Kf2 Ra3 36. Nc6 Rb7 37. Nd8 Rd7 38. b7 Rxd8 39. b8=Q Rxb8 40. Rxb8+ Kg7 41. Rb2 Rc3 42. Ke2 h5 43. Kd2 Rc5 44. Rb3 Kf6 45. Rf3+ Ke6 46. Re3+ Kd5 47. Re7 f5 48.
Rg7 Rc6 49. Kd3 Ke5 50. g3 Rd6+ 51. Ke3 Rc6 52. Kd3 Kf6 53. Rd7 g5 54. c4 Ke5 55.
Rd5+ Ke6 56. Kd4 Ra6 57. h4 gxh4 58. gxh4 Ra1 59. Re5+ Kf6 60. Re8 Rd1+ 61. Kc5 Rh1 62. Kd5 Rxh4 63. c5 Rh1 64. c6 Rc1 65. Kd6 Rd1+ 66.
Kc5 f4 67. c7 Rc1+ 68. Kb6 Kf5 69. c8=Q+ Rxc8 70. Rxc8 h4 71. Kc5 Ke4 72. Kc4 f3 73. Re8+ Kf4 74. Kd3 h3 75. Rf8+ Kg3 76. Ke3 h2 77.
Rg8+ Kh3 78. Kf2 h1=N+ 79. Kxf3 Kh2 80. Rg4 Kh3 81. Rg2 1-0

[Event "*** Titled Tuesday Blitz"]
[Site "Chess.com"]
[Date "2018.12.04"]
[Round "8"]
[White "snowlord"]
[Black "VeraNebolsina"]
[Result "1-0"]
[WhiteElo "2618"]
[BlackElo "2371"]
[TimeControl "180+2"]
[EndTime "14:56:20 PST"]
[Termination "snowlord won by checkmate"]

1. d4 Nf6 2. c4 g6 3. Nc3 d5 4. Nf3 Bg7 5. Qb3 dxc4 6. Qxc4 O-O 7. e4 a6 8. e5 b5 9. Qb3 Be6 10. exf6 Bxb3 11. fxg7 Kxg7 12. axb3 Nd7 13. Be2 c5 14. O-O cxd4 15. Nxd4 e5 16. Nc2 Nc5 17. Be3 Qc8 18. Rad1 f5 19. Rd5 Nd7 20. Rfd1 Rf7 21. f4 exf4 22. Bxf4 Nf6 23. Rd6 b4 24. Nxb4 Qc5+ 25. R6d4 Rd8 26. Nc2 Rfd7 27. Be3 Qe7 28. Rxd7 Rxd7 29.
Rxd7 Nxd7 30. Bxa6 Qd6 31. Bd4+ Kh6 32. Bb5 Nc5 33.
b4 Nb3 34. Be3+ f4 35. Bf2 Qd2 36. Ne1 Qxb2 37. Ne2 g5 38. h4 Nd2 39. hxg5+ Kxg5 40. Nxf4 Qxb4 41. Nh3+ Kf6 42. Be2 Ne4 43. Bh4+ Kg7 44.
Nf3 Qb2 45. Bd3 Nc3 46. Nf2 Qa1+ 47. Kh2 Qa7 48. Bg3 Kf8 49. Ne4 Nxe4 50. Bxe4 Qe7 51.
Bc2 Qg7 52. Bf5 Qh6+ 53. Bh3 Qc1 54. Nh4 Kg8 55. Nf5 Kf8 56. Nd4 Qh6 57. Ne6+ Ke8 58. Be5 Qc1 59. Bf4 Qe1 60. Ng7+ Kf7 61. Nf5 Kg8 62.
Nh6+ Kf8 63. Ng4 Qa1 64. Kg3 Qc3+ 65. Kh4 Qe1+ 66. Kh5 Qe8+ 67. Kh4 Qe1+ 68. g3 Qe7+ 69. Bg5 Qf7 70. Ne5 Qd5 71. Nd7+ Kg7 72. Nf6 Qh1 73. Nh5+ Kg6 74. Nf4+ Kg7 75. Be7 Kh6 76. Bf8# 1-0

[Event "*** Titled Tuesday Blitz"]
[Site "Chess.com"]
[Date "2018.12.04"]
[Round "8"]
[White "Alexander_Donchenko"]
[Black "Alopekos"]
[Result "1-0"]
[WhiteElo "2689"]
[BlackElo "2493"]
[TimeControl "180+2"]
[EndTime "14:56:24 PST"]
[Termination "Alexander_Donchenko won by resignation"]

1. Nf3 Nf6 2. g3 d5 3. Bg2 e6 4. O-O Be7 5. c4 O-O 6. d4 dxc4 7. Ne5 c5 8. dxc5 Qc7 9. Nxc4 Qxc5 10. b3 Rd8 11. Nbd2 Nc6 12. Bb2 Bd7 13. Rc1 Qb5 14. Qc2 Rac8 15. Qb1 Qa6 16. Rfd1 Be8 17. a3 b5 18. Ne5 Nxe5 19. Rxc8 Rxc8 20. Bxe5 Qxa3 21. Nf3 h6 22. Nd4 Qc5 23. Bf4 Qb4 24. Nc2 Qc5 25. Nd4 Nd5 26. Bxd5 Qxd5 27. Be3 Rd8 28. Rc1 Ba3 29.
Rc7 Bd6 30. Rc1 Bc5 31. Rxc5 Qxc5 32. Nxe6 Qd5 33. Nxd8 Qxd8 34. Bxa7 Bc6 35. b4 Qd5 36. f3 Qc4 37. Kf2 Bd5 38. Bc5 Be6 39. Qa1 Kh7 40.
Qe5 Qd5 41. Qe3 Qc4 42. g4 Qd5 43. h4 Kg8 44. h5 Qb3 45. Qf4 Qc4 46. Qe5 Kh7 47. Bd4 f6 48. Qe4+ Kg8 49. Qa8+ Kh7 50. Bc5 Qd5 51. Qb8 Qd7 52. Qf4 Bc4 53. Qe4+ Kg8 54. Qa8+ Kh7 55. Qe4+ Kg8 56. Qc2 Qc7 57. Kg2 Qe5 58. e4 Qe6 59. Qd2 Kf7 60. Kg3 Kg8 61. Qd8+ Kh7 62. Qd2 Qe5+ 63. Kg2 Qe6 64. Bd6 Qd7 65. Qd4 Kg8 66. Kg3 Kf7 67. e5 fxe5 68. Qxe5 Qe6 69. Qf4+ Qf6 70. Qd2 Qe6 71. Bc5 Qd5 72.
Qf4+ Kg8 73. Bd4 Qf7 74. Qe5 Bd5 75. f4 Bc4 76. g5 hxg5 77. fxg5 Bd5 78. Kh4 Bc4 79.
g6 Qf8 80. Kg3 Qf6 81. Qxf6 gxf6 82. Bxf6 1-0

[Event "*** Titled Tuesday Blitz"]
[Site "Chess.com"]
[Date "2018.12.04"]
[Round "8"]
[White "afgano29"]
[Black "wadsy27"]
[Result "0-1"]
[WhiteElo "2612"]
[BlackElo "2438"]
[TimeControl "180+2"]
[EndTime "14:56:42 PST"]
[Termination "wadsy27 won by resignation"]

1. d4 Nf6 2. c4 c5 3. d5 e6 4. Nc3 exd5 5. cxd5 d6 6. e4 g6 7. f4 Bg7 8. Bb5+ Nfd7 9. Nf3 O-O 10. O-O a6 11. Bd3 b5 12. Kh1 Nb6 13. f5 b4 14.
Ne2 N8d7 15. Bg5 f6 16. Bh4 g5 17. Bf2 c4 18. Bc2 a5 19. Ned4 Ba6 20. Ne6 Qc8 21.
Re1 Bb5 22. Nfd4 Ba6 23. Re3 Ne5 24. Rh3 Rf7 25. Qh5 Bh8 26. Rd1 Nbd7 27. Bg3 Rb8 28. Ba4 Nc5 29. Bc6 Ncd3 30. b3 c3 31. Bxe5 dxe5 32. Nc2 Nf2+ 33. Kg1 Nxh3+ 34. Qxh3 Bb7 35. Bxb7 Qxb7 36. Qe3 Bg7 37. h4 gxh4 38. Kf2 Bf8 39. Rh1 Qa7 40. Rxh4 Qxe3+ 41. Kxe3 Rc8 42. Kd3 Bc5 43. Rh1 Kh8 44. g4 Bd6 45. Ne3 Rg8 46. Rh5 Rd7 47. Rh6 Be7 48. Nc4 a4 49. g5 fxg5 50. Nxe5 Bf8 51. Rh1 axb3 52. axb3 Ra7 53. Nxf8 Rxf8 54. Ng6+ Kg8 55. Nxf8 Kxf8 56. e5 Ra2 57. d6 Rd2+ 58. Kc4 c2 59. Rc1 g4 60. f6 Kf7 61. Kxb4 g3 62. Kc3 Rd5 63. b4 Rxe5 64.
Rxc2 h5 65. Kd4 Re8 66. Kd5 Kxf6 67. d7 Rd8 68. Kd6 h4 69. Rg2 Kf5 70. b5 Kg4 71. b6 h3 72. Rb2 h2 73. Rb4+ Kh3 74. Rb5 h1=Q 75. Rh5+ Kg2 76. Rxh1 Kxh1 77. b7 g2 78. Kc7 g1=Q 79. Kxd8 Qb6+ 80. Kc8 Qc6+ 81. Kb8 Qxd7 82. Ka7 Qa4+ 83. Kb8 Kg2 84. Kc7 Qc4+ 85. Kb6 Qd4+ 86. Kc7 Qc5+ 87. Kd7 Qb6 88. Kc8 Qc6+ 0-1

[Event "*** Titled Tuesday Blitz"]
[Site "Chess.com"]
[Date "2018.12.04"]
[Round "8"]
[White "Hrant_ChessMood"]
[Black "StephenDedalus83"]
[Result "1/2-1/2"]
[WhiteElo "2933"]
[BlackElo "2754"]
[TimeControl "180+2"]
[EndTime "14:57:15 PST"]
[Termination "Game drawn by agreement"]

1. d4 Nf6 2. c4 g6 3. Nc3 d5 4. Nf3 Bg7 5. h4 c6 6. cxd5 cxd5 7. Bf4 Nc6 8. e3 O-O 9. Qb3 Na5 10. Qb4 Nc6 11.
Qb3 Na5 12. Qa3 Bf5 13. Ne5 Rc8 14. Be2 a6 15. O-O Ne8 16. Rac1 f6 17. Nf3 Nc4 18. Qb3 b5 19. a4 e5 20. dxe5 fxe5 21. Bg5 Qd7 22. axb5 axb5 23. Rfd1 Be6 24. Qxb5 Qxb5 25. Nxb5 Rb8 26. Bxc4 dxc4 27. Na3 e4 28. Nd4 Bxd4 29.
Rxd4 Rxb2 30. Bf4 Nf6 31. Nxc4 Rc8 32. Rd8+ Rxd8 33. Nxb2 Rc8 34. Ra1 Nd5 35. Be5 Rc2 36. Ra7 Nc3 37. Rg7+ Kf8 38. Rxh7 Nd1 39. Nxd1 Rc1 40.
Rh8+ Ke7 41. Rh7+ Kf8 42. Kh2 Rxd1 43. Rc7 Rd5 44. Bf4 Rd7 45. Rc6 Kf7 46. Kg3 Rd5 47. Bg5 Rd7 48. Rb6 Rd2 49. Rb4 Bf5 50. Rb7+ Rd7 51.
Rb6 Be6 52. Rb8 Rc7 53. Bh6 Rc5 54. Rf8+ Ke7 55. Rf4 Bf5 56. Kh2 Rc4 57. g4 Be6 58.
Bg5+ Kd6 59. Kg3 Kd5 60. Kg2 Rc2 61. Bf6 Ra2 62. Bg7 Ra7 63. Bd4 Rf7 64. Kg3 Rxf4 65. Kxf4 Bf7 66. Ba1 Be8 67. Bb2 Bf7 68. Kg5 Ke6 69.
h5 gxh5 70. gxh5 Bg8 71. Kg6 Bf7+ 72. Kg5 Bg8 73. Bc3 Kf7 74. Kh6 Kf8 75. Bb4+ Kf7 76. Ba3 Kf6 77. Bb2+ Kf7 78. Bd4 Kf8 79. Bb6 Bf7 80.
Bd4 Kg8 81. Be5 Be8 82. Bf6 Bf7 83. Bg7 Be8 84. Bd4 Bf7 85. Be5 Be8 86. Bf4 Bf7 87.
Kg5 Kh7 88. Kf5 Bd5 89. Ke5 Bc6 90. Bg3 Bb7 91. Kf5 Kh6 92. Kg4 Bc8+ 93. Kh4 Bb7 94. Bf4+ Kh7 95. Kg3 Bc6 96. Bg5 Be8 97. Kf4 Bc6 98.
Ke5 Bb7 99. Kd6 Ba8 100. Kc7 Bd5 101. Kb6 Bf7 102. Kc5 Bxh5 103. Kd4 Bf3 104. Bf4 1/2-1/2

[Event "*** Titled Tuesday Blitz"]
[Site "Chess.com"]
[Date "2018.12.04"]
[Round "8"]
[White "GadimbayliA"]
[Black "PelinGorki"]
[Result "1/2-1/2"]
[WhiteElo "2695"]
[BlackElo "2533"]
[TimeControl "180+2"]
[EndTime "14:58:00 PST"]
[Termination "Game drawn by repetition"]

1. e4 d6 2. d4 Nf6 3. Nc3 c6 4.
Nf3 Bg4 5. a4 a5 6. Bc4 e6 7. h3 Bh5 8. Be3 d5 9. Bd3 Be7 10. O-O O-O 11. e5 Nfd7 12. Be2 c5 13. Nb5 Nc6 14. c3 f6 15. exf6 Rxf6 16. Bg5 Rf7 17. Nd6 Bxg5 18. Nxf7 Bxf7 19. Nxg5 Qxg5 20. Qb3 Nd8 21. Rfe1 c4 22. Qb5 Nf6 23. Bf3 Be8 24. Qb6 Qf4 25. b3 cxb3 26. Qxb3 Qc7 27. Re3 Rc8 28.
Rae1 Bf7 29. Rc1 Ne8 30. Be2 Nd6 31. Bd3 Nc6 32. Ree1 Ne7 33. Qc2 Ng6 34. Re3 Nc4 35. Rg3 Nf8 36. Qb3 Bg6 37. Bxc4 dxc4 38. Qb2 Bd3 39.
Re1 Qc6 40. Re5 Ng6 41. Rc5 Qd7 42. Qb5 Rc6 43. Qxa5 Rxc5 44. Qxc5 Nf4 45. Rf3 Ng6 46. Re3 Ne7 47. Qe5 Nd5 48. Qb8+ Kf7 49. Rf3+ Nf6 50.
Re3 Be4 51. a5 Bd5 52. Re1 Qa4 53. Qc7+ Kf8 54. Qc5+ Kg8 55. Qc8+ Ne8 56. Rxe6 Bxe6 57. Qxe6+ Kf8 58. Qf5+ Ke7 59. Qg5+ Kd7 60. Qf5+ Kc7 61. Qc5+ Kb8 62. g4 Nc7 63. Qf8+ Ka7 64. Qc5+ Kb8 65. Qf8+ Ne8 66. Qe7 Qb5 67. h4 Ka7 68. g5 h6 69. f3 hxg5 70. hxg5 Qc6 71. Kf2 Qg6 72. Qc5+ Kb8 73. Qxc4 Qxg5 74. a6 Nd6 75. Qe6 Qd2+ 76. Kg3 Qg5+ 77. Kf2 Qd8 78. axb7 Kxb7 79. Qd5+ Ka6 80. c4 Qh4+ 81. Ke2 Qe7+ 82. Kd2 Nb7 83.
Qc6+ Ka7 84. c5 Qg5+ 85. Kd3 Qf5+ 86. Ke3 g5 87. Qe4 Qf7 88. Qc6 Qb3+ 89. Ke4 Qc2+ 90. Ke3 Qc3+ 91. Ke4 Qc2+ 92. Ke3 Qc1+ 93. Ke4 Qf4+ 94.
Kd3 Qf5+ 95. Ke3 Qf4+ 96. Kd3 Kb8 97. Qe8+ Ka7 98. Qc6 Qf5+ 99. Ke3 Qf4+ 100. Kd3 1/2-1/2

[Event "*** Titled Tuesday Blitz"]
[Site "Chess.com"]
[Date "2018.12.04"]
[Round "8"]
[White "baki83"]
[Black "Msb2"]
[Result "1-0"]
[WhiteElo "2559"]
[BlackElo "2734"]
[TimeControl "180+2"]
[EndTime "14:58:15 PST"]
[Termination "baki83 won by resignation"]

1. e4 e6 2. d3 d5 3. Nd2 Nf6 4. Ngf3 b6 5. e5 Nfd7 6. g3 c5 7. Bg2 Nc6 8. O-O Ndxe5 9. Nxe5 Nxe5 10. Qe2 Nc6 11. Nf3 Be7 12. h4 Bf6 13. c3 h6 14. Bf4 O-O 15. Rfe1 Re8 16. Ne5 Nxe5 17. Bxe5 Bxe5 18. Qxe5 Bb7 19. c4 Rc8 20. b3 Qd7 21. Rad1 d4 22. Bxb7 Qxb7 23. Re4 f6 24. Qh5 Qf7 25.
Qe2 Re7 26. Re1 Rce8 27. f4 Qg6 28. Kh2 h5 29. Qf2 Qf5 30. Qf3 Kf7 31. Kg2 e5 32. Qe2 Re6 33. Qf3 R8e7 34. a3 a5 35. a4 Kg6 36. Kf2 exf4 37. gxf4 Kh6 38. R1e2 Re8 39. Re1 Rxe4 40. dxe4 Qg4 41. Rg1 Qxh4+ 42. Kf1 f5 43. e5 g6 44. Ke2 Qh2+ 45. Rg2 Qh4 46. Kd2 Re6 47. Kc2 Re7 48. Qc6 Rg7 49. Qe8 Kh7 50. e6 Qxf4 51. Re2 d3+ 52. Kxd3 Qf3+ 53. Kd2 Qxb3 54.
e7 Qb2+ 55. Ke1 Qc1+ 56. Kf2 Qf4+ 57. Ke1 Qh4+ 58. Kd2 Qd4+ 59. Ke1 f4 60. Qf8 Qg1+ 61. Kd2 Qd4+ 62. Ke1 Qg1+ 63. Kd2 Qd4+ 64. Kc2 Qxc4+ 65. Kd1 Qxa4+ 66. Ke1 Qa1+ 67. Kf2 Qd4+ 68. Kg2 f3+ 69. Qxf3 Rg8 70. e8=Q Rxe8 71. Rxe8 Qd7 72. Re2 a4 73.
Kf1 b5 74. Qf6 Qh3+ 75. Ke1 Qh1+ 76. Kd2 Qd5+ 77. Kc1 Qc4+ 78. Kd1 Qd5+ 79. Rd2 Qh1+ 80.
Kc2 Qe4+ 81. Kc1 Qe1+ 82. Rd1 Qe3+ 83. Rd2 Qe1+ 84. Kc2 Qe4+ 85. Kb2 Qb4+ 86. Kc1 Qc4+ 87. Rc2 Qd5 88. Qe7+ Kh6 89. Qf8+ Kh7 90. Qe7+ Kh6 91. Qe3+ g5 92. Rxc5 Qh1+ 93. Kb2 Qh2+ 94. Rc2 Qd6 95. Rc5 Qf6+ 96. Ka2 h4 97. Re5 Kh5 98. Qe2+ Kg6 99. Re6 b4 100. Qe4+ Kg7 101. Rxf6 Kxf6 102. Qxb4 Kf5 103. Qc5+ Kg4 104. Qg1+ Kf4 105. Qf2+ Kg4 106. Qg2+ Kf4 107. Ka3 g4 108. Qf2+ Kg5 109. Qe3+ Kg6 110. Qf4 Kh5 111. Qf5+ 1-0

[Event "*** Titled Tuesday Blitz"]
[Site "Chess.com"]
[Date "2018.12.04"]
[Round "8"]
[White "Jooonaaas1996"]
[Black "kasparik_garik"]
[Result "1-0"]
[WhiteElo "2313"]
[BlackElo "2502"]
[TimeControl "180+2"]
[EndTime "14:58:16 PST"]
[Termination "Jooonaaas1996 won by resignation"]

1. e4 c5 2. Nf3 e6 3. d4 cxd4 4. Nxd4 a6 5. Bd3 Bc5 6. Nb3 Ba7 7. O-O Nc6 8. Qg4 Nf6 9. Qxg7 Rg8 10. Qh6 Rg6 11.
Qh4 Rg4 12. Qh3 b5 13. Be3 Bxe3 14. Qxe3 Bb7 15. Nc5 Qb6 16. Nxb7 Qxb7 17. Nd2 Ne5 18. f3 Rg6 19. a4 bxa4 20. Rxa4 Qxb2 21. Rb1 Qc3 22.
Nc4 Nxc4 23. Rxc4 Qa3 24. Rc7 Rd8 25. Ra7 a5 26. Qe1 Qc5+ 27. Qf2 Qxf2+ 28. Kxf2 Rg5 29.
Ra1 Ke7 30. R1xa5 Rxa5 31. Rxa5 h6 32. h3 Rc8 33. f4 Rc7 34. Ra8 Ne8 35. Ke3 Rb7 36. Ra1 Rc7 37. g4 Nd6 38. Ra5 f6 39. Rh5 Nf7 40. h4 d6 41. g5 fxg5 42. hxg5 Rc5 43. f5 hxg5 44. Rh7 Kf6 45. fxe6 Kxe6 46. Rg7 Kf6 47. Rg8 Ne5 48. Rf8+ Ke7 49. Rg8 Kf6 50.
Rf8+ Kg7 51. Rd8 Nf7 52. Rd7 Kf6 53. Ra7 Ne5 54. Ra8 Rc7 55. Rg8 Rg7 56. Rf8+ Ke7 57. Rf1 Rf7 58. Rg1 Rf3+ 59. Ke2 Kf6 60. Rg2 g4 61. Rxg4 Rh3 62. Rf4+ Ke7 63. Rf5 Kd7 64. Rf2 Kc6 65. Kd2 Kc5 66. Rf6 Rh2+ 67. Kc3 Rh1 68. Re6 Ra1 69. Re8 Ra3+ 70. Kb2 Ra7 71. Kc3 Rc7 72. Rd8 Nc6 73. Re8 Ne5 74. Rd8 Kc6 75. Kd4 Ra7 76. Ke3 Kc7 77. Rg8 Ra3 78.
Rg7+ Kc6 79. Rg8 Ra1 80. Rc8+ Kd7 81. Rg8 Ke7 82. Rg7+ Kf6 83. Rg8 Re1+ 84. Kd4 Ra1 85. Kd5 Ke7 86. Rg7+ Nf7 87. Rxf7+ Kxf7 88. Kxd6 Rh1 89.
Bc4+ Ke8 90. Bd5 Rh6+ 91. Kc5 Ke7 92. c4 Rh1 93. e5 Re1 94. e6 Kf6 95. Kd6 Ra1 96.
c5 Ra6+ 97. c6 Ra5 98. c7 1-0

[Event "*** Titled Tuesday Blitz"]
[Site "Chess.com"]
[Date "2018.12.04"]
[Round "8"]
[White "Korchmar_Vasiliy"]
[Black "Mykola-Bortnyk"]
[Result "1/2-1/2"]
[WhiteElo "2765"]
[BlackElo "2848"]
[TimeControl "180+2"]
[EndTime "14:59:56 PST"]
[Termination "Game drawn by 50-move rule"]

1. d4 d5 2. c4 dxc4 3. e3 a6 4. Bxc4 e6 5. Nf3 c5 6. O-O b5 7.
Bd3 Bb7 8. a4 b4 9. b3 cxd4 10.
Nxd4 Nf6 11. Bb2 Nbd7 12. Nd2 Bd6 13. Nc4 Bc7 14. Rc1 O-O 15. f4 Nc5 16. Bb1 Qd5 17. Qe2 Rad8 18. Rfd1 Nfe4 19. Nb5 axb5 20. Rxd5 exd5 21.
Ne5 Bxe5 22. Bxe5 Nxb3 23. Rc7 Rc8 24. Bxe4 Rxc7 25. Bxh7+ Kxh7 26. Bxc7 bxa4 27. Qb5 a3 28. Qd3+ Kg8 29. Qxb3 Ra8 30. Qxb4 a2 31. Be5 d4 32. Bxd4 a1=Q+ 33. Bxa1 Rxa1+ 34. Kf2 Ra2+ 35. Ke1 Ra1+ 36. Kf2 Ra2+ 37. Ke1 Ra1+ 38. Kd2 Bxg2 39. Qb8+ Kh7 40.
Qe5 Ra2+ 41. Kc3 Rf2 42. Qh5+ Kg8 43. Qh4 Re2 44. Qd8+ Kh7 45. Qh4+ Kg8 46. Qg3 Be4 47. Kd4 Bf5 48. h4 Ra2 49. Qg5 Ra4+ 50. Kc3 g6 51. h5 Kh7 52. h6 Ra6 53. Kd4 Rd6+ 54. Kc3 Rc6+ 55. Kd4 Rd6+ 56. Kc5 Re6 57. Qd8 g5 58. fxg5 Re5+ 59. Kd4 Re4+ 60. Kc5 Re5+ 61. Kd6 Re6+ 62. Kc7 Rg6 63. Qe7 Be6 64. e4 Rg8 65.
Qf6 Rg6 66. Qe7 Rg8 67. Kd6 Rg6 68. Ke5 Rg8 69. Kf4 Rg6 70. Qd8 Rg8 71. Qd4 Rg6 72.
Qe5 Rg8 73. Kg3 Rg6 74. Kh4 Rg8 75. Qf4 Rg6 76. Qd6 Rg8 77. Qc7 Rg6 78. Qh2 Rg8 79. Qc2 Rg6 80. e5 Kh8 81. Kh5 Kh7 82. Qe4 Ba2 83. Qd3 Be6 84. Qc2 Bd5 85. Qc5 Be6 86. Qf8 Rg8 87. Qe7 Rg6 88. Qc7 Rg8 89. Qc2+ Rg6 90.
Kh4 Bd5 91. Qb1 Be6 92. Kg3 Kh8 93. Kf4 Kh7 94. Qc1 Kh8 95. Ke4 Kh7 96. Kd4 Rg8 97. Qc2+ Kh8 98. Qf2 Kh7 99. Qf4 Rd8+ 100. Kc5 Rg8 101.
Kd6 Rg6 102. Ke7 Ba2 103. Qe4 Be6 104. Kf8 Kh8 105. Qf4 Kh7 106. Ke7 Ba2 107. Qd2 Bb3 108. Qd3 Ba2 109. Qc2 Bd5 110. Qb1 Bc4 111. Kd7 Be6+ 112. Kc7 Bc4 113. Qe4 Ba2 114. Qf4 Be6 115. Kd6 Ba2+ 116. Kc5 Be6 117. Kd4 Kh8 118. Ke3 Kh7 119. Kf3 Rg8 120. Kg3 Rg6 121. Kh4 Rg8 122. Qd2 Rg6 123. Kh5 Rg8 124. Qc2+ Rg6 125. Qd3 Ba2 126. Qd8 Bb3 127. Qf8 Bd1+ 128. Kh4 Bb3 129. Qd8 Ba2 130. Kg3 Be6 131. Kf4 Rg8 132. Qe7 Rg6 133. Ke3 Ba2 1/2-1/2

[Event "*** Titled Tuesday Blitz"]
[Site "Chess.com"]
[Date "2018.12.04"]
[Round "8"]
[White "WPWPWP-2015"]
[Black "hansen"]
[Result "1/2-1/2"]
[WhiteElo "2291"]
[BlackElo "2765"]
[TimeControl "180+2"]
[EndTime "15:01:19 PST"]
[Termination "Game drawn by 50-move rule"]

1. e4 c5 2. Nf3 e6 3. b3 Nc6 4. Bb5 Nge7 5. Bb2 a6 6. Bxc6 Nxc6 7. d4 cxd4 8. Nxd4 d5 9. exd5 Qxd5 10. O-O Bd7 11. Nf3 Qxd1 12. Rxd1 O-O-O 13. Nbd2 f6 14. Nc4 Kc7 15. a4 Bc5 16. Nfd2 Bc8 17. Ne4 Be7 18. Ba3 Bxa3 19. Nxa3 Nd4 20. Kf1 e5 21. Rd2 Bf5 22. Ng3 Bg6 23. Rc1 h5 24. Nc4 b5 25. axb5 axb5 26. Ne3 Kc6 27. Ne2 Ne6 28. Rcd1 Rxd2 29. Rxd2 Ra8 30. f3 Nc5 31. Nd5 Bf7 32. Ne7+ Kc7 33.
Nf5 g6 34. Nd6 Be8 35. Nc3 b4 36. Nxe8+ Rxe8 37. Nd5+ Kb7 38. Nxb4 e4 39. Nd5 f5 40. h4 Kc6 41. Nf4 Rg8 42. b4 Na6 43. c3 Rc8 44. Ra2 Kb7 45. Nxg6 Rxc3 46. fxe4 fxe4 47. Re2 e3 48. Nf4 Nxb4 49. Nxh5 Kc6 50. g4 Kd5 51.
Ng3 Ke5 52. g5 Kf4 53. Kg2 Nd5 54. g6 Kg4 55. g7 Rc8 56. Kh2 Rg8 57. Nf1 Kf3 58.
Rg2 e2 59. Nd2+ Ke3 60. Nc4+ Kd3 61. Ne5+ Ke3 62. Ng4+ Kf3 63. Ne5+ Ke3 64. Ng4+ Kd2 65. Ne5 Ne3 66. Nf3+ Kd3 67. Rg1 Nf1+ 68. Kh3 Ke3 69. Ne1 Kf2 70. Rg2+ Kxe1 71. h5 Ne3 72. Rxe2+ Kxe2 73. h6 Nf5 74. h7 Rxg7 75. h8=Q Rg3+ 76. Kh2 Rf3 77. Qe5+ Ne3 78. Qe4 Kf2 79. Qd4 Ke2 80. Qb2+ Kd3 81. Qb3+ Kd2 82. Qb4+ Kd3 83. Qa3+ Ke4 84. Qe7+ Kf4 85. Qc7+ Ke4 86. Qb7+ Nd5 87.
Kg2 Rd3 88. Qa8 Ke3 89. Qe8+ Kd2 90. Qe5 Ne3+ 91. Kg1 Ke2 92. Qb5 Nc2 93. Qa6 Nd4 94. Kg2 Nc2 95. Qa2 Kd2 96. Kf2 Rd4 97. Qa5+ Kd3 98.
Qa6+ Kc3 99. Qf6 Nb4 100. Qg7 Kc4 101. Qc7+ Kd3 102. Qh7+ Kd2 103. Qh6+ Kc2 104. Qh7+ Kc3 105. Ke2 Nd5 106. Qg7 Kc4 107. Qg8 Re4+ 108. Kd2 Rd4+ 109. Ke2 Re4+ 110. Kd2 Re7 111. Qd8 Rc7 112. Qg8 Kc5 113. Qf8+ Kc6 114. Kd3 Rd7 115. Qa8+ Kd6 116. Kd4 Ne7 117. Qa6+ Nc6+ 118. Kc4 Re7 119. Qa3+ Kc7 120. Qg3+ Kc8 121. Kd5 Nd8 122. Qg4+ Rd7+ 123. Kc5 Nb7+ 124. Kb6 Nd8 125. Qh3 Nb7 126. Qc3+ Kb8 127. Qg3+ Rd6+ 128. Kb5 Kc7 129. Qh2 Kc8 130. Qh8+ Kc7 131. Qg7+ Kb8 132. Qe5 Ka7 133. Qe3+ Kb8 134. Qg3 Kc8 135. Qh2 Rd5+ 136. Kc6 Rd6+ 137. Kb5 Rd5+ 138. Ka6 Nd6 139. Kb6 Ne8 140. Qh3+ Kd8 141. Qh4+ Kd7 142. Qh7+ Kd6 143. Qg6+ Ke7 144. Qh7+ Kd6 145. Qg8 Re5 146. Qf8+ Kd7 147. Qf7+ Kd6 148. Qf8+ Kd7 149. Qf7+ Kd6 150. Qf4 1/2-1/2

[Event "*** Titled Tuesday Blitz"]
[Site "Chess.com"]
[Date "2018.12.04"]
[Round "9"]
[White "Kawhi_Leonard2"]
[Black "Chessmatus"]
[Result "0-1"]
[WhiteElo "2262"]
[BlackElo "2182"]
[TimeControl "180+2"]
[EndTime "15:03:29 PST"]
[Termination "Chessmatus won by resignation"]

1. e4 c5 2. Nf3 d6 3. d4 cxd4 4. Nxd4 Nf6 5. Nc3 a6 6. h3 e5 7.
Nde2 b5 8. Ng3 Be7 9. Bd3 Be6 10. Bg5 O-O 11. O-O Nbd7 12. f4 Qb6+ 13. Kh2 h6 14. Bxf6 Nxf6 15. fxe5 dxe5 16. Nf5 Bxf5 17. Rxf5 Rad8 18.
Qf3 b4 19. Nd5 Nxd5 20. exd5 Bd6 21. Rf1 e4+ 0-1

[Event "*** Titled Tuesday Blitz"]
[Site "Chess.com"]
[Date "2018.12.04"]
[Round "9"]
[White "akretchetov"]
[Black "Laico"]
[Result "0-1"]
[WhiteElo "2365"]
[BlackElo "2279"]
[TimeControl "180+2"]
[EndTime "15:05:08 PST"]
[Termination "Laico won by resignation"]

1. Nf3 e6 2. c4 f6 3. Nc3 f5 4. e4 fxe4 5. Nxe4 Nf6 6. Bd3 Be7 7. Qc2 g6 8. Nxf6+ Bxf6 9. Bxg6+ hxg6 10. Qxg6+ Ke7 11. d4 Qg8 12. Qe4 Qh7 13. Qe2 b6 14.
O-O Bb7 15. d5 Na6 16. h3 Rag8 17. Kh2 Rxg2+ 0-1

[Event "*** Titled Tuesday Blitz"]
[Site "Chess.com"]
[Date "2018.12.04"]
[Round "9"]
[White "IngOscarArdila"]
[Black "sandager"]
[Result "0-1"]
[WhiteElo "2141"]
[BlackElo "1972"]
[TimeControl "180+2"]
[EndTime "15:05:10 PST"]
[Termination "sandager won by resignation"]

1. e4 e5 2. Nf3 Nc6 3. Nc3 Nf6 4. Bc4 Bc5 5. O-O d6 6. d3 h6 7. h3 O-O 8. Qe2 Be6 9. Bb3 a6 10. Bd2 Qe7 11. Nh2 Nd4 12. Qd1 c6 13. Kh1 d5 14.
Qe1 Nh5 15. Nf3 Nxf3 16. gxf3 Rad8 17. Qe2 Qh4 0-1

[Event "*** Titled Tuesday Blitz"]
[Site "Chess.com"]
[Date "2018.12.04"]
[Round "9"]
[White "mazetofonias"]
[Black "dmosesov"]
[Result "1-0"]
[WhiteElo "2561"]
[BlackElo "2337"]
[TimeControl "180+2"]
[EndTime "15:05:48 PST"]
[Termination "mazetofonias won on time"]

1. e4 c5 2. Nf3 e6 3. d4 cxd4 4. Nxd4 Nc6 5. Nc3 Qc7 6. Nxc6 bxc6 7. Bd3 Nf6 8. O-O d5 9. Qf3 Bd6 10. exd5 exd5 11. Re1+ Be6 12. Bg5 Bxh2+ 13. Kh1 Be5 14. Rad1 h6 15. Bh4 O-O 16. Bf5 Bxf5 17. Qxf5 1-0